Map: Year Zero LE

Players

Rasmootin

  • Race: Protoss Protoss
  • League: Silver
  • Spawn Location: 1:00

ZaZen - Winner!

  • Race: Terran Terran
  • League: Silver
  • Spawn Location: 11:00

VOD

Have the link to the VOD?

Description

Time

  • Played on: May 18, 2019, 10:18 p.m.
  • Length: 20:15
Show
View Real Time Build Order
Export as new Build Order

Rasmootin Protoss 

Build Orders:  

Get SALT Encoding   

  12  0:04  Probe  
  12  0:12  Probe  
  14  0:21  Probe  
  14  0:26  Pylon  
  15  0:48  Gateway  
  15  0:50  Gateway  
  15  0:53  Probe  
  16  1:03  Probe  
  16  1:05  Assimilator  
  17  1:11  Probe  
  18  1:20  Probe  
  19  1:27  Pylon  
  19  1:32  Probe  
  20  1:40  Cybernetics Core  
  20  1:44  Probe  
  20  1:45  Forge  
  21  1:53  Pylon  
  21  1:56  Probe  
  22  2:04  Probe  
  22  2:05  Assimilator  
  23  2:12  Probe  
  23  2:20  Warp Gate  
  24  2:22  Probe  
  24  2:28  Photon Cannon  
  25  2:34  Probe  
  26  2:47  Protoss Shields Level 1, Probe  
  27  2:56  Stalker  
  29  2:59  Stalker, Probe  
  32  3:11  Probe, Gateway  
  33  3:23  Probe  
  33  3:26  Stalker  
  36  3:29  Stalker  
  38  3:36  Probe  
  39  3:56  Nexus  
  39  3:57  Pylon  
  39  4:05  Pylon  
  39  4:15  Pylon  
  39  4:19  Assimilator  
  39  4:22  Assimilator, Probe  
  40  4:28  Sentry  
  40  4:29  Sentry  
  40  4:31  Adept  
  46  4:34  Probe  
  47  4:46  Probe  
  47  4:47  Twilight Council  
  48  4:53  Photon Cannon  
  48  4:56  Pylon  
  48  5:01  Protoss Ground Weapons Level 1  
  48  5:05  Stalker  
  50  5:08  Adept  
  50  5:12  Sentry, Probe  
  54  5:20  Probe x2  
  55  5:28  Probe  
  57  5:29  Probe  
  57  5:35  Stalker  
  61  5:36  Stalker  
  61  5:41  Adept, Resonating Glaives  
  65  5:46  Probe  
  66  5:54  Probe  
  67  5:58  Probe  
  68  6:06  Probe, Dark Shrine  
  69  6:16  Photon Cannon  
  69  6:19  Pylon  
  69  6:23  Adept  
  69  6:24  Adept  
  73  6:29  Stalker  
  75  7:04  Nexus  
  75  7:10  Probe  
  76  7:18  Probe  
  76  7:20  Pylon  
  76  7:21  Blink  
  77  7:23  Pylon  
  77  7:28  Probe  
  77  7:40  Probe  
  78  7:52  Probe  
  79  8:00  Dark Templar x3  
  83  8:22  Nexus  
  83  8:27  Pylon  
  83  8:31  Pylon  
  83  8:34  Assimilator  
  83  8:37  Assimilator  
  83  8:41  Pylon  
  83  8:45  Pylon  
  83  8:47  Pylon  
  83  8:50  Forge  
  83  8:51  Forge  
  77  9:01  Cybernetics Core, Protoss Shields Level 2  
  63  9:10  Stargate  
  63  9:11  Stargate  
  63  9:13  Photon Cannon  
  63  9:16  Stargate  
  53  9:17  Stargate  
  53  9:23  Dark Templar x3  
  59  9:30  Photon Cannon  
  59  9:32  Photon Cannon  
  59  9:34  Photon Cannon, Probe  
  59  9:36  Photon Cannon  
  60  9:42  Probe  
  60  9:52  Probe  
  62  10:04  Probe  
  63  10:11  Dark Templar  
  63  10:12  Dark Templar  
  63  10:13  Dark Templar  
  69  10:16  Probe  
  69  10:17  Protoss Air Weapons Level 1, Protoss Air Armor Level 1  
  69  10:21  Protoss Ground Armor Level 1  
  70  10:24  Protoss Ground Weapons Level 2  
  70  10:31  Void Ray  
  70  10:32  Void Ray  
  70  10:33  Probe  
  78  10:41  Probe  
  79  10:49  Pylon  
  80  10:50  Probe  
  80  10:51  Pylon  
  81  10:59  Nexus  
  81  11:02  Probe  
  82  11:09  Photon Cannon x2  
  82  11:13  Photon Cannon  
  82  11:14  Photon Cannon  
  82  11:19  Assimilator  
  82  11:20  Assimilator  
  82  11:32  Pylon  
  82  11:33  Pylon  
  82  11:34  Dark Templar x2  
  82  11:35  Pylon  
  86  11:47  Pylon  
  86  11:49  Pylon  
  86  11:52  Charge  
  82  11:58  Stalker  
  79  12:03  Probe  
  74  12:11  Protoss Shields Level 3, Probe  
  75  12:19  Probe  
  75  12:27  Probe  
  76  12:31  Pylon  
  76  12:32  Probe  
  76  12:33  Pylon  
  78  12:38  Probe  
  78  12:40  Probe  
  78  12:41  Probe, Void Ray x2  
  88  12:49  Probe x2  
  88  12:50  Probe  
  90  12:53  Void Ray  
  96  12:58  Probe  
  96  13:02  Probe  
  98  13:08  Gateway x2  
  98  13:10  Probe x2  
  98  13:11  Gateway  
  99  13:18  Probe  
  101  13:28  Probe  
  101  13:29  Fleet Beacon  
  101  13:31  Photon Cannon  
  102  13:36  Protoss Ground Armor Level 2  
  102  13:37  Void Ray  
  102  13:40  Probe  
  95  13:49  Void Ray x2  
  103  14:07  Stalker  
  103  14:08  Stalker x3  
  103  14:09  Stalker  
  110  14:10  Stalker  
  78  14:39  Zealot x3  
  78  14:40  Zealot x3  
  78  14:43  Void Ray  
  78  14:44  Probe  
  94  14:52  Probe  
  81  15:17  Stalker x2  
  81  15:18  Stalker x2  
  81  15:19  Stalker  
  81  15:20  Stalker  
  93  15:39  Probe, Void Ray  
  94  15:47  Probe  
  91  16:01  Stalker  
  91  16:02  Stalker  
  87  16:07  Stalker  
  85  16:24  Dark Templar  
  83  16:27  Stalker  
  22  17:02  Zealot x2  
  22  17:17  Probe  
  23  17:25  Probe  
  24  17:34  Probe  
  24  17:35  Gateway  
  24  17:39  Gateway  
  25  17:46  Probe  
  25  17:49  Robotics Facility  
  26  17:55  Pylon  
  26  17:58  Probe  
  27  18:27  Immortal  
  31  18:45  Phoenix  
  33  18:56  Immortal  
  33  18:57  Zealot x2, Probe  
  38  19:05  Probe  
  43  19:10  Phoenix  
  43  19:13  Phoenix  
  43  19:15  Probe  
  48  19:27  Probe  
  49  19:36  Zealot x2  
  49  19:39  Probe  
Show
View Real Time Build Order
Export as new Build Order

ZaZen Terran - Winner!

Build Orders:  

Get SALT Encoding   

  12  0:01  SCV  
  13  0:17  Supply Depot  
  13  0:19  SCV  
  14  0:32  Refinery  
  14  0:33  SCV  
  15  0:45  SCV  
  16  0:50  Barracks  
  16  1:13  SCV  
  17  1:25  SCV  
  18  1:38  Orbital Command  
  18  1:42  Barracks Reactor  
  18  1:52  Factory  
  18  2:06  Supply Depot  
  18  2:11  SCV  
  19  2:21  Marine  
  19  2:22  Marine  
  21  2:23  SCV  
  22  2:44  Command Center, Factory Tech Lab  
  22  2:46  Marine x2  
  22  2:47  SCV  
  22  2:50  Refinery  
  25  2:59  SCV  
  25  3:03  Marine  
  27  3:09  Supply Depot  
  27  3:12  SCV  
  28  3:13  Bunker  
  28  3:18  Marine  
  29  3:24  SCV  
  30  3:37  SCV  
  34  3:41  Cyclone  
  34  3:48  Starport  
  34  3:49  SCV  
  35  3:56  Supply Depot  
  35  4:06  Orbital Command  
  35  4:13  SCV  
  36  4:20  Siege Tank  
  39  4:27  Starport Tech Lab, Marine x2  
  41  4:33  SCV x2  
  42  4:47  Raven  
  44  5:05  SCV x2  
  46  5:07  Refinery  
  46  5:15  Cyclone, Marine x2  
  46  5:17  SCV  
  46  5:18  SCV  
  53  5:29  Command Center  
  53  5:30  SCV  
  54  5:39  Barracks  
  54  5:41  Barracks  
  54  5:42  SCV x2  
  56  5:51  Siege Tank  
  56  5:54  SCV x2  
  61  6:00  Refinery  
  61  6:10  Supply Depot  
  61  6:14  SCV  
  62  6:21  Supply Depot  
  62  6:26  Engineering Bay  
  62  6:27  Engineering Bay  
  62  6:28  Barracks Reactor  
  62  6:29  Barracks Reactor  
  62  6:31  Stimpack  
  62  6:32  SCV  
  63  6:51  Siege Tank  
  66  6:59  Supply Depot  
  66  7:03  Viking x2  
  66  7:05  Orbital Command  
  70  7:12  Supply Depot  
  70  7:13  Terran Infantry Weapons Level 1  
  70  7:17  Terran Infantry Armor Level 1  
  70  7:20  Marine x2  
  72  7:22  Marine  
  73  7:39  SCV x2  
  75  7:51  SCV, Marine x5  
  78  7:52  Siege Tank  
  78  7:55  Viking  
  86  8:04  Armory, Orbital Command  
  85  8:08  Marine  
  77  8:23  SCV x2  
  77  8:24  Marine x3  
  77  8:25  Marine  
  83  8:27  Siege Tank  
  83  8:30  Medivac  
  83  8:31  Medivac  
  90  8:35  SCV  
  76  9:13  SCV x3  
  79  9:25  SCV x2  
  79  9:26  SCV  
  79  9:27  Factory  
  79  9:28  Terran Infantry Weapons Level 2, Terran Infantry Armor Level 2  
  82  9:37  SCV  
  82  9:38  SCV x2  
  85  9:40  Barracks  
  85  9:43  Missile Turret, Factory  
  85  9:49  SCV, Sensor Tower  
  85  9:50  SCV  
  85  9:51  Liberator x2  
  85  9:52  Barracks  
  87  10:03  SCV  
  87  10:04  SCV x2, Command Center  
  87  10:05  Marine x3  
  87  10:06  Marine x2  
  95  10:07  Siege Tank  
  104  10:16  SCV  
  105  10:27  SCV x2  
  105  10:28  SCV  
  108  10:37  Factory Tech Lab  
  108  10:40  Barracks Reactor  
  108  10:42  Refinery  
  108  10:45  Barracks Reactor  
  108  10:47  Refinery  
  108  10:53  Supply Depot  
  108  11:00  Supply Depot x2  
  108  11:14  Siege Tank x2  
  108  11:16  SCV x3  
  117  11:20  Supply Depot  
  117  11:21  Supply Depot  
  117  11:22  Supply Depot  
  117  11:23  Missile Turret  
  117  11:26  Missile Turret, Liberator x2  
  117  11:31  Missile Turret  
  114  11:44  Starport  
  120  11:47  SCV x3  
  123  11:56  Marine x4  
  123  11:57  Marine x4  
  123  11:58  Siege Tank x2  
  123  12:00  Marauder  
  139  12:02  Combat Shield  
  136  12:11  SCV x3  
  139  12:21  Marauder  
  141  12:23  SCV  
  141  12:24  Planetary Fortress  
  141  12:26  Refinery  
  141  12:27  Marine x5  
  141  12:28  Marine x3  
  150  12:30  Viking x2  
  150  12:34  Starport Tech Lab  
  154  12:42  Marine  
  155  12:45  Marine  
  155  12:47  Marine x5  
  155  12:48  Marine x2  
  155  12:51  Siege Tank x2  
  169  13:00  Marine  
  169  13:02  Marine  
  169  13:05  Marine  
  172  13:09  Terran Infantry Armor Level 3, Supply Depot, Terran Infantry Weapons Level 3  
  172  13:11  Supply Depot  
  172  13:17  SCV x3  
  172  13:18  Marine x4  
  172  13:19  Marine x2  
  181  13:21  Concussive Shells  
  181  13:23  Raven  
  181  13:26  Viking  
  185  13:29  SCV  
  174  14:24  Liberator x2  
  164  14:34  SCV x3  
  164  14:35  Marine x6  
  164  14:36  Marine x2  
  164  14:37  Cyclone x2  
  181  14:41  Raven  
  189  14:46  SCV  
  185  15:09  Cyclone x2  
  191  15:18  Marine x7  
  191  15:19  Marine  
  199  15:48  Marine  
  184  16:36  Marine  
  184  16:37  Viking, Marine  
  184  16:38  Marine  
  184  16:39  Marine  
  180  16:40  Viking  
  180  16:42  Viking, Marine  
  180  16:44  Siege Tank  
  165  17:16  Siege Tank  
  168  17:24  Marine x2  
  168  17:25  Marine x3  
  173  17:42  Marine x3  
  172  18:05  SCV x3, Marine  
  175  18:06  Marine x4  
  180  18:23  Marine  
  180  18:24  Marine  
  180  18:48  Viking x3, Marine x2  
  180  18:49  Siege Tank, Marine x3  
  194  19:06  Marine  
  195  19:16  Command Center  
  195  19:17  Marine  
  195  19:18  Marine x3  
  199  19:24  Marine  
  200  19:48  Command Center  
Tags
 
Add a new tag
Caveats
  • Supply blocks, unpowered buildings, or Contaminate may cause inaccurate times.
  • Supply counts are checked every 10 seconds.